Map: Acid Plant LE

Players

Infamous

  • Race: Protoss Protoss
  • League: Gold
  • Spawn Location: 11:00

Robinz - Winner!

  • Race: Terran Terran
  • League: Gold
  • Spawn Location: 5:00

VOD

Have the link to the VOD?

Description

Time

  • Played on: April 18, 2018, 10:22 a.m.
  • Length: 5:23
Show
View Real Time Build Order
Export as new Build Order

Infamous Protoss 

Build Orders:  

Get SALT Encoding   

  12  0:01  Probe  
  13  0:14  Pylon  
  13  0:19  Pylon, Probe  
  13  0:22  Pylon  
  13  0:28  Probe  
  15  0:41  Gateway  
  15  0:43  Probe  
  16  0:56  Probe  
  17  1:03  Assimilator  
  17  1:04  Probe  
  18  1:14  Gateway  
  18  1:18  Probe  
  19  1:29  Cybernetics Core  
  19  1:30  Probe  
  20  1:42  Probe  
  21  1:49  Pylon  
  21  1:52  Assimilator  
  20  1:54  Probe  
  20  2:00  Stalker  
  21  2:07  Stalker  
  25  2:10  Probe  
  26  2:18  Warp Gate  
  26  2:22  Probe  
  27  2:45  Probe  
  27  2:47  Sentry  
  27  2:49  Pylon  
  30  3:06  Nexus  
  30  3:08  Pylon  
  30  3:13  Robotics Facility  
  30  3:17  Probe  
  31  3:36  Probe  
  31  3:38  Adept  
  34  3:43  Shield Battery  
  34  3:48  Probe  
  35  3:54  Immortal  
  37  4:31  Stalker  
  37  4:43  Stalker  
  33  5:03  Probe  
Show
View Real Time Build Order
Export as new Build Order

Robinz Terran - Winner!

Build Orders: Cyclone Opening 

Get SALT Encoding   

  12  0:01  SCV  
  13  0:13  SCV  
  14  0:17  Supply Depot  
  14  0:25  SCV  
  15  0:29  Refinery  
  15  0:42  Barracks  
  15  0:45  SCV  
  16  0:57  SCV  
  16  1:00  Refinery  
  17  1:08  Supply Depot  
  17  1:11  SCV  
  18  1:23  SCV  
  19  1:34  Factory  
  19  1:52  Barracks Reactor  
  18  2:01  Supply Depot  
  18  2:03  Orbital Command  
  18  2:21  Supply Depot  
  18  2:33  SCV  
  18  2:36  Cyclone  
  22  2:46  Cyclone  
  22  2:48  Reaper  
  26  2:57  SCV  
  27  3:09  Cyclone  
  30  3:16  SCV  
  30  3:19  Hellion  
  33  3:21  Reaper  
  34  3:40  Cyclone  
  34  3:41  Hellion  
  39  3:42  SCV  
  39  3:46  Supply Depot  
  40  4:02  Cyclone  
  42  4:12  Cyclone  
  45  4:20  Reaper  
  46  4:34  Cyclone  
  47  4:44  Hellion  
Tags
 
Add a new tag
Caveats
  • Supply blocks, unpowered buildings, or Contaminate may cause inaccurate times.
  • Supply counts are checked every 10 seconds.